[Event "*** SCC Grand Prix: Titled Tuesday Blitz"]
[Site "Chess.com"]
[Date "2020.08.11"]
[Round "7"]
[White "Gulkov_Igor"]
[Black "Quiet_Desperation"]
[Result "0-1"]
[WhiteElo "2405"]
[BlackElo "2287"]
[TimeControl "180+1"]
[EndTime "11:17:15 PDT"]
[Termination "Quiet_Desperation won on time"]

1. Nf3 d5 2. d4 c6 3. c4 Nf6 4.
Nc3 dxc4 5. a4 Bf5 6. Ne5 Nbd7 7. Nxc4 e6 8. f3 Bb4 9. e4 Bg6 10. Be3 O-O 11. Be2 c5 12. O-O cxd4 13. Bxd4 Rc8 14.
Kh1 Nh5 15. Be3 Nb6 16. Nxb6 axb6 17. Qxd8 Rfxd8 18. Rfd1 f5 19. Bxb6 Rxd1+ 20. Rxd1 Bxc3 21. bxc3 Nf4 22. exf5 Bxf5 23. Bb5 Rxc3 24. h4 h5 25. Bf1 Bd3 26. Bxd3 Rxd3 27. Rxd3 Nxd3 28. Kg1 Nb2 29. a5 Nc4 30. Bc7 Kf7 31. Kf2 Ke8 32. Ke2 Kd7 33. Bf4 Kc6 34. Kd3 Kb5 35. Ke4 Kxa5 36. Be5 Nxe5 37.
Kxe5 b5 38. Kxe6 b4 0-1

[Event "*** SCC Grand Prix: Titled Tuesday Blitz"]
[Site "Chess.com"]
[Date "2020.08.11"]
[Round "7"]
[White "Lenyas66"]
[Black "Son_of_Sultan"]
[Result "0-1"]
[WhiteElo "2481"]
[BlackElo "2693"]
[TimeControl "180+1"]
[EndTime "11:17:16 PDT"]
[Termination "Son_of_Sultan won on time"]

1. e4 c5 2. Nf3 Nc6 3. Bb5 g6 4. O-O Bg7 5. Re1 e5 6. b4 cxb4 7. a3 Nge7 8. axb4 Nxb4 9. c3 Nbc6 10. d4 exd4 11. cxd4 O-O 12. Ba3 Re8 13. Nc3 a6 14. Bc4 b5 15. Bxf7+ Kxf7 16. Qb3+ d5 17. exd5 Na5 18.
Qa2 Nc4 19. d6 Nf5 20. Rxe8 Qxe8 21. Re1 Qc6 22. Ng5+ Kg8 23. d5 Qd7 24. Nce4 Bb7 25. Nc5 Qxd6 26. Nxb7 Qxa3 27. Qe2 Be5 28. g4 Nd4 29.
Qd1 Bf6 30. Ne6 Nf3+ 31. Kg2 Nxe1+ 32. Qxe1 Qd3 0-1

[Event "*** SCC Grand Prix: Titled Tuesday Blitz"]
[Site "Chess.com"]
[Date "2020.08.11"]
[Round "7"]
[White "TurboSteen"]
[Black "Kotofeyca"]
[Result "0-1"]
[WhiteElo "2012"]
[BlackElo "2293"]
[TimeControl "180+1"]
[EndTime "11:17:16 PDT"]
[Termination "Kotofeyca won on time"]

1. e4 c5 2. Nc3 d6 3. Nge2 a6 4. d4 cxd4 5. Nxd4 Nf6 6. h3 e6 7. g4 b5 8. g5 Nfd7 9. a3 Bb7 10. Be3 Be7 11. h4 Nc6 12. Qd2 Nde5 13. O-O-O O-O 14. f4 Nxd4 15. Bxd4 Nf3 16. Qf2 Nxd4 17. Qxd4 Qc7 18. h5 e5 19. Qd2 f5 20. fxe5 dxe5 21. Bh3 Bxe4 22. Nxe4 fxe4 23. Be6+ Kh8 24. g6 Rad8 25. Qg2 h6 26. Rhf1 e3 27. Qe2 Qc6 0-1

[Event "*** SCC Grand Prix: Titled Tuesday Blitz"]
[Site "Chess.com"]
[Date "2020.08.11"]
[Round "7"]
[White "IANOV0007"]
[Black "AGW2016"]
[Result "1-0"]
[WhiteElo "2478"]
[BlackElo "2328"]
[TimeControl "180+1"]
[EndTime "11:17:17 PDT"]
[Termination "IANOV0007 won by checkmate"]

1. Nf3 Nf6 2. g3 g6 3. b3 Bg7 4. Bb2 O-O 5. Bg2 c5 6. c4 Nc6 7. O-O d5 8. cxd5 Nxd5 9. Bxg7 Kxg7 10. d4 cxd4 11. Nxd4 Nxd4 12. Qxd4+ Nf6 13. Qe5 Qd6 14. Qxd6 exd6 15. Rd1 d5 16. Nc3 Be6 17. Nxd5 Nxd5 18. Bxd5 Bxd5 19. Rxd5 Rac8 20. Rad1 Rc2 21. R5d2 Rfc8 22.
Kf1 b6 23. e3 h5 24. h4 Kf6 25. Ke2 Kf5 26. Rxc2 Rxc2+ 27. Rd2 Rc7 28. Kf3 Ke6 29. e4 Ke5 30. Rd5+ Ke6 31. Ke2 Rc2+ 32. Rd2 Rc1 33. f4 Rg1 34. Kf3 Rf1+ 35. Kg2 Rc1 36. e5 Rc7 37.
Kf3 Rc3+ 38. Kf2 Rc7 39. Ke3 Rc3+ 40. Rd3 Rc2 41. a4 Rc1 42. Kd4 f6 43. exf6 Kxf6 44. Ke4 Re1+ 45. Kf3 Re6 46. Rd7 a5 47. Rb7 Rc6 48.
Ke4 Ke6 49. Kd4 Kf5 50. Kd5 Rf6 51. Re7 Kg4 52. Re3 Rf8 53. Kc6 Rf6+ 54. Kb5 Rd6 55.
Rc3 Kh3 56. b4 axb4 57. Kxb4 Kg4 58. Kb5 Kh3 59. Rc6 Rxc6 60. Kxc6 Kxg3 61. Kxb6 Kxh4 62. a5 Kg3 63. a6 h4 64. a7 Kxf4 65. a8=Q g5 66.
Qf8+ Kg3 67. Qd6+ Kg4 68. Qd4+ Kg3 69. Qe3+ Kg4 70. Qg1+ Kf4 71. Qh2+ Kg4 72. Qg2+ Kf4 73. Kc5 g4 74. Kd5 h3 75. Qf2+ Kg5 76. Ke4 Kh5 77. Qg3 h2 78. Qxh2+ Kg5 79. Qg3 Kh5 80. Kf4 Kh6 81.
Qxg4 Kh7 82. Kf5 Kh8 83. Kf6 Kh7 84. Qg7# 1-0

[Event "*** SCC Grand Prix: Titled Tuesday Blitz"]
[Site "Chess.com"]
[Date "2020.08.11"]
[Round "7"]
[White "kngopal"]
[Black "MoreChessJulia"]
[Result "1-0"]
[WhiteElo "2178"]
[BlackElo "1861"]
[TimeControl "180+1"]
[EndTime "11:17:17 PDT"]
[Termination "kngopal won by checkmate"]

1. b3 Nf6 2. Bb2 b5 3. g3 Bb7 4. Nf3 d6 5. Bg2 Nbd7 6. d4 g6 7. O-O Bg7 8. Nbd2 O-O 9. e3 Re8 10. Qe2 a6 11. a4 c6 12. Rfd1 e5 13. dxe5 dxe5 14. Ng5 Qc7 15. Nge4 Nxe4 16. Nxe4 Nf8 17. Nd6 Red8 18. Nxb7 Qxb7 19. axb5 axb5 20. Rxd8 Rxd8 21. h4 h5 22. Rd1 Rxd1+ 23. Qxd1 Ne6 24. Qd6 Qa7 25.
Bxe5 Bxe5 26. Qxe5 Qd7 27. c4 bxc4 28. bxc4 Ng7 29.
Qc5 Nf5 30. Bxc6 Qd1+ 31. Kg2 Nh6 32. Qd5 Qe2 33. Be8 Kg7 34. c5 Ng4 35. Qxf7+ Kh6 36. Qxg6# 1-0

[Event "*** SCC Grand Prix: Titled Tuesday Blitz"]
[Site "Chess.com"]
[Date "2020.08.11"]
[Round "7"]
[White "belisarius64"]
[Black "JesseKraai"]
[Result "1/2-1/2"]
[WhiteElo "2709"]
[BlackElo "2552"]
[TimeControl "180+1"]
[EndTime "11:17:18 PDT"]
[Termination "Game drawn by repetition"]

1. e4 d6 2. d4 Nf6 3. Bd3 e5 4. c3 d5 5. dxe5 dxe4 6. Bb5+ Bd7 7. Bc4 Ng4 8. Qd5 Be6 9. Qxe4 Bxc4 10. Qxc4 Nxe5 11.
Qe2 Qe7 12. Be3 Nbc6 13. Nf3 O-O-O 14. Nxe5 Qxe5 15. Nd2 Bc5 16. Nf3 Qh5 17. g4 Qd5 18.
Rd1 Qxd1+ 19. Qxd1 Rxd1+ 20. Kxd1 Bxe3 21. fxe3 Re8 22. Kd2 Ne5 23. Nxe5 Rxe5 24. Rf1 f6 25. h4 Kd7 26. Kd3 Ke6 27. e4 h5 28. Rg1 hxg4 29. Rxg4 Kf7 30. b4 a5 31. a4 b5 32.
axb5 Rxb5 33. Kc4 c6 34. Rg1 axb4 35. cxb4 Rh5 36. Rg4 Re5 37. Kd4 Rb5 38. Kc4 Re5 39.
Kd4 Rb5 40. Kc3 Re5 41. Kd4 1/2-1/2

[Event "*** SCC Grand Prix: Titled Tuesday Blitz"]
[Site "Chess.com"]
[Date "2020.08.11"]
[Round "7"]
[White "TheMightyBishops"]
[Black "VladaSviridova"]
[Result "0-1"]
[WhiteElo "2001"]
[BlackElo "2231"]
[TimeControl "180+1"]
[EndTime "11:17:18 PDT"]
[Termination "VladaSviridova won by checkmate"]

1. c4 c6 2. d4 d5 3. e3 Nf6 4.
Nc3 e6 5. a3 a5 6. cxd5 exd5 7.
Bd3 Bd6 8. h4 O-O 9. Nf3 Re8 10.
Ng5 h6 11. Qc2 Qe7 12. Bd2 hxg5 13. hxg5 Ne4 14. O-O-O Qxg5 15. Nxe4 dxe4 16. Bxe4 g6 17. f4 Qe7 18. Bxg6 Qf6 19. Rh5 fxg6 20. Rg5 Bf5 21. Qc3 Nd7 22. Qb3+ Qe6 23. Qc3 Nf6 24. Rh1 Qe4 25.
Qb3+ Nd5 26. Rxf5 gxf5 27. Qxb7 Qe7 28. Qxc6 Rec8 29. Qc7 Rxc7+ 30. Kb1 Rb8 31. Rh5 Rcb7 32. Rg5+ Kf7 33. Kc1 Rxb2 34. Kd1 Nxe3+ 35. Ke2 Ng4+ 36. Kd3 R8b3+ 37. Kc4 Qe6+ 38. d5 Qe4# 0-1

[Event "*** SCC Grand Prix: Titled Tuesday Blitz"]
[Site "Chess.com"]
[Date "2020.08.11"]
[Round "7"]
[White "Fighter008"]
[Black "jlandaw"]
[Result "1-0"]
[WhiteElo "2684"]
[BlackElo "2518"]
[TimeControl "180+1"]
[EndTime "11:17:19 PDT"]
[Termination "Fighter008 won by resignation"]

1. e4 e5 2. Nf3 Nc6 3. Nc3 Nf6 4. Bb5 Nd4 5. O-O Nxb5 6. Nxb5 c6 7. Nc3 d6 8. d4 Qc7 9. h3 Be7 10. Re1 O-O 11. a4 Re8 12. Bg5 h6 13. Bh4 Nh5 14.
Bxe7 Qxe7 15. Ne2 Qf6 16. Qd3 a5 17. Rad1 Be6 18. dxe5 dxe5 19. Qc3 Bc8 20. Qe3 b5 21. axb5 cxb5 22. Nc3 Nf4 23. Nd5 Nxd5 24. exd5 e4 25. Nd4 b4 26. Nb5 Re5 27. Nc7 Rb8 28. d6 Bd7 29. Rd4 Qg6 30. Red1 f5 31. Nd5 Kh8 32. Ne7 Qf6 33. Qf4 g5 34. Qxe5 Qxe5 35. Ng6+ Kg7 36.
Nxe5 1-0

[Event "*** SCC Grand Prix: Titled Tuesday Blitz"]
[Site "Chess.com"]
[Date "2020.08.11"]
[Round "7"]
[White "Alexandr_Kholin"]
[Black "lider34"]
[Result "1-0"]
[WhiteElo "2513"]
[BlackElo "2386"]
[TimeControl "180+1"]
[EndTime "11:17:19 PDT"]
[Termination "Alexandr_Kholin won by resignation"]

1. d4 Nf6 2. c4 g6 3. Nc3 Bg7 4. e4 d6 5. Nge2 O-O 6. Ng3 a6 7. Be2 c5 8. d5 b5 9. cxb5 axb5 10. Nxb5 Ba6 11. O-O Qb6 12. a4 Nbd7 13. Rb1 h5 14.
Bg5 Qb7 15. b3 Nb6 16. Qc2 Rfe8 17. Bd2 Nfd7 18. Bc3 Rac8 19. Bxg7 Kxg7 20. Bxh5 Bxb5 21. axb5 gxh5 22. Nxh5+ Kh6 23. Ng3 e6 24. Qd2+ Kh7 25. Qf4 Ne5 26. Qh4+ Kg8 27. Qg5+ Ng6 28. Qh6 Qe7 29.
Nh5 f5 30. Qxg6+ Kh8 31. Nf6 1-0

[Event "*** SCC Grand Prix: Titled Tuesday Blitz"]
[Site "Chess.com"]
[Date "2020.08.11"]
[Round "7"]
[White "nrvisakh"]
[Black "GigaQuparadze"]
[Result "1-0"]
[WhiteElo "2777"]
[BlackElo "2910"]
[TimeControl "180+1"]
[EndTime "11:17:20 PDT"]
[Termination "nrvisakh won by resignation"]

1. e4 c5 2. Nf3 e6 3. d4 cxd4 4. Nxd4 a6 5. Bd3 Nf6 6. O-O Qc7 7. c4 Nc6 8. Nxc6 dxc6 9. Qe2 e5 10. Nc3 Bc5 11.
Be3 Nd7 12. Na4 Bxe3 13. Qxe3 O-O 14. Rac1 Nf6 15. Rfd1 Bg4 16. f3 Be6 17. Qb6 Rac8 18. Qxc7 Rxc7 19. Be2 Nd7 20. Rd6 Re8 21. b3 Kf8 22. c5 Ke7 23. Rcd1 Rb8 24. Kf2 a5 25. g3 Nf8 26. f4 f6 27. f5 Bf7 28. Nb6 Be8 29.
Bc4 Nd7 30. Na4 Nf8 31. a3 Rd7 32. Be6 Rxd6 33. cxd6+ Kd8 34. Nc5 b6 35. Na6 Rb7 36. Nc7 Bd7 37. Bf7 Rxc7 38. dxc7+ Kxc7 39. g4 c5 40. a4 Bc6 41. Ke3 Nd7 42. Bc4 Nb8 43.
h4 Be8 44. g5 Nd7 45. Bb5 c4 46. bxc4 Kc8 47. Rd6 Kc7 48. Re6 1-0

[Event "*** SCC Grand Prix: Titled Tuesday Blitz"]
[Site "Chess.com"]
[Date "2020.08.11"]
[Round "7"]
[White "Rainmond"]
[Black "TST2014"]
[Result "1-0"]
[WhiteElo "2688"]
[BlackElo "2523"]
[TimeControl "180+1"]
[EndTime "11:17:20 PDT"]
[Termination "Rainmond won by resignation"]

1. e4 c5 2. Na3 Nc6 3. c3 Nf6 4. d3 d5 5. Qe2 e5 6. exd5 Nxd5 7. g3 Be7 8. Bg2 O-O 9. Nf3 f6 10. O-O Kh8 11. Nh4 g5 12. Qf3 Nf4 13. gxf4 gxh4 14. Nc4 Rg8 15. fxe5 h3 16. exf6 Rxg2+ 17.
Kh1 Bxf6 18. Ne3 Rg6 19. Nd5 Bg4 20. Qe4 Bg7 21. Nf4 Rg5 22. f3 Re5 23. Ng6+ hxg6 24.
Qxg4 Qxd3 25. Bf4 Rh5 26. Rad1 Qf5 27. Qg3 Rf8 28. Bd6 Be5 29. Bxe5+ Nxe5 30. Rd5 Qe6 31. Rxc5 Nd3 32. Rxh5+ gxh5 33. Qg5 Rf5 34. Qd2 Nf4 35.
Re1 Qd5 36. Qe3 Re5 37. Qxe5+ Qxe5 38. Rxe5 Nd3 39. Rxh5+ Kg7 40. Rxh3 Nxb2 41. f4 Nc4 42. Rg3+ Kf6 43. h4 Kf5 44. h5 Kxf4 45. h6 Kxg3 46.
h7 Kf3 47. h8=Q Nd2 48. Qf8+ Ke2 49. Qb4 Kd3 50. Qxb7 a5 51. Qd5+ Kxc3 52. Qxa5+ Kc2 53. Qxd2+ Kxd2 54. a4 Kc3 55. a5 Kb4 56. a6 Kb5 57. a7 Kb6 58. a8=Q 1-0

[Event "*** SCC Grand Prix: Titled Tuesday Blitz"]
[Site "Chess.com"]
[Date "2020.08.11"]
[Round "7"]
[White "Grischuk"]
[Black "Gareth-Bale11"]
[Result "1-0"]
[WhiteElo "3040"]
[BlackElo "2816"]
[TimeControl "180+1"]
[EndTime "11:17:21 PDT"]
[Termination "Grischuk won by resignation"]

1. Nf3 d5 2. d4 Nf6 3. c4 e6 4. Nc3 Bb4 5. cxd5 exd5 6. Bg5 h6 7. Bh4 O-O 8. e3 Bf5 9. Be2 Nbd7 10. Qb3 Qe7 11.
a3 Bxc3+ 12. bxc3 b5 13. a4 a6 14. Bxf6 Nxf6 15. O-O c6 16. Ne5 Qe6 17. Ra2 Nd7 18. Nxd7 Qxd7 19. Rfa1 Rac8 20. axb5 axb5 21. Qb4 Rfd8 22. Ra7 Rc7 23. Qc5 Rdc8 24. h3 Kh7 25. Rxc7 Rxc7 26. Ra8 Rc8 27. Ra7 Rc7 28. Rxc7 Qxc7 29.
Bxb5 Bd7 30. Bd3+ Kg8 31. c4 Be6 32. cxd5 Bxd5 33. e4 Be6 34. d5 Qe5 35. Qxc6 Qa1+ 36. Bf1 1-0

[Event "*** SCC Grand Prix: Titled Tuesday Blitz"]
[Site "Chess.com"]
[Date "2020.08.11"]
[Round "7"]
[White "FedaMaster"]
[Black "Alberquintin"]
[Result "1-0"]
[WhiteElo "2407"]
[BlackElo "2524"]
[TimeControl "180+1"]
[EndTime "11:17:23 PDT"]
[Termination "FedaMaster won by resignation"]

1. e4 e5 2. Nf3 Nc6 3. Bb5 a6 4. Bxc6 dxc6 5. O-O Bd6 6. d4 exd4 7. Qxd4 f6 8. Be3 Ne7 9. Nbd2 Be6 10. Rad1 O-O 11.
Nc4 Bxh2+ 12. Kxh2 Qxd4 13. Rxd4 c5 14. Rd2 Bxc4 15.
Rfd1 Be6 16. Bxc5 Rfe8 17. Nd4 Bd7 18. Nb3 Bc6 19. Bxe7 Rxe7 20. f3 b6 21. Nd4 Bd7 22. a3 Kf7 23. Rd3 Rae8 24. g4 h5 25. gxh5 Rh8 26. Kg3 Rxh5 27. Rc3 c5 28. Ne2 Rhe5 29.
Nf4 g5 30. Nd5 R7e6 31. Nxb6 Rxb6 32. Rxd7+ Ke6 33. Ra7 Rxb2 34. Rxa6+ Kf7 35. Ra5 Ra2 36. Rb5 Kg6 37. Kg4 Ra1 38. Kg3 g4 39. Kxg4 Rh5 40.
Rbxc5 Rxc5 41. Rxc5 Rxa3 42. Rc6 Kf7 43. c3 Ke7 44. f4 Ra5 45. c4 f5+ 46. exf5 Kd7 47. Re6 Ra2 48. Re5 Rg2+ 49. Kf3 Rg8 50. f6 Rf8 51.
Rf5 Ke6 52. Ke4 Rc8 53. f7 1-0

[Event "*** SCC Grand Prix: Titled Tuesday Blitz"]
[Site "Chess.com"]
[Date "2020.08.11"]
[Round "7"]
[White "chess_rehab"]
[Black "lucachess49"]
[Result "0-1"]
[WhiteElo "2292"]
[BlackElo "2443"]
[TimeControl "180+1"]
[EndTime "11:17:24 PDT"]
[Termination "lucachess49 won by checkmate"]

1. e4 e5 2. Nf3 Nc6 3. Bc4 Nf6 4. d4 exd4 5. O-O Nxe4 6. Nc3 Nxc3 7. Re1+ Be7 8.
bxc3 O-O 9. cxd4 d5 10. Bd3 Bf6 11. c3 Re8 12. Rb1 Rxe1+ 13. Qxe1 b6 14. Qe2 Bg4 15. h3 Bh5 16. Bf4 Na5 17. g4 Bg6 18. Ne5 Bxe5 19.
Bxe5 Bxd3 20. Qxd3 Nc4 21. Qg3 c6 22. Re1 Qd7 23. g5 Re8 24. f4 Qf5 25. Bc7 Rc8 26.
Qg4 Qxg4+ 27. hxg4 Kf8 28. Be5 Nd2 29. Kf2 Ne4+ 30.
Kf3 f6 31. gxf6 gxf6 32. Bxf6 Nxf6 33. g5 Ne4 34. Rh1 Rc7 35. c4 Nd2+ 36. Kg4 Nxc4 37. f5 Nd6 38. Kf4 c5 39. Ke5 Nf7+ 40. Kf6 Rc6# 0-1

[Event "*** SCC Grand Prix: Titled Tuesday Blitz"]
[Site "Chess.com"]
[Date "2020.08.11"]
[Round "7"]
[White "wonderfultime"]
[Black "Arseniy_Nesterov"]
[Result "1-0"]
[WhiteElo "2976"]
[BlackElo "2751"]
[TimeControl "180+1"]
[EndTime "11:17:25 PDT"]
[Termination "wonderfultime won by resignation"]

1. d4 Nf6 2. Nf3 d5 3. Bf4 e6 4. e3 Bd6 5. c3 O-O 6. Bd3 c5 7. O-O Nc6 8. Bg3 b6 9. Nbd2 Bb7 10. a4 Qe7 11. Ne5 Qc7 12. f4 Ne7 13. Qb1 g6 14. Bh4 Nd7 15. Bxe7 Bxe7 16. Ndf3 Nf6 17. Nd2 Ne8 18.
Rf3 Nd6 19. Rh3 Bf6 20. g4 Rfe8 21. Qe1 Bg7 22. g5 Qe7 23. Qh4 h5 24. gxh6 Qxh4 25. Rxh4 Bf6 26. Rh3 Nf5 27. Re1 Bxe5 28. fxe5 Bc6 29.
Bc2 Kh7 30. Rf1 Re7 31. Rf4 g5 32. Rg4 Rg8 33. Nf3 Kh8 34. Bxf5 exf5 35. Rxg5 Rg6 36. Rhg3 Rxg5 37. Rxg5 Kh7 38. Rxf5 Bxa4 39. Rf6 Bc2 40.
Ng5+ Kh8 41. Rd6 cxd4 42. Rd8+ 1-0

[Event "*** SCC Grand Prix: Titled Tuesday Blitz"]
[Site "Chess.com"]
[Date "2020.08.11"]
[Round "7"]
[White "Lagravesamuell"]
[Black "onnoelgersma"]
[Result "1-0"]
[WhiteElo "2615"]
[BlackElo "2419"]
[TimeControl "180+1"]
[EndTime "11:17:25 PDT"]
[Termination "Lagravesamuell won by checkmate"]

1. d4 d5 2. c4 e6 3. Nc3 Nf6 4. Bg5 Be7 5. cxd5 exd5 6. e3 O-O 7. Bd3 c6 8. Qc2 h6 9. Bh4 Bd6 10. Nge2 a5 11. f3 Na6 12. a3 Re8 13. Bf2 b5 14.
O-O Qc7 15. h3 b4 16. Na4 Bd7 17. e4 b3 18. Qb1 c5 19. e5 Bxa4 20. exf6 g6 21.
Bxg6 Rxe2 22. Bh7+ Kh8 23. Qf5 Qd7 24. Qd3 Rae8 25.
Bf5 Qb7 26. f4 c4 27. Qf3 Rxf2 28. Rxf2 Bf8 29. Qh5 Bc6 30. Raf1 c3 31. bxc3 b2 32. Bb1 Nc7 33. Qf5 Nb5 34. Qh7# 1-0

[Event "*** SCC Grand Prix: Titled Tuesday Blitz"]
[Site "Chess.com"]
[Date "2020.08.11"]
[Round "7"]
[White "ChessAurochs"]
[Black "Aleksey_Sorokin"]
[Result "1-0"]
[WhiteElo "2594"]
[BlackElo "2792"]
[TimeControl "180+1"]
[EndTime "11:17:26 PDT"]
[Termination "ChessAurochs won by resignation"]

1. e4 e5 2. Nf3 Nc6 3. Bb5 a6 4. Ba4 Nf6 5. O-O Bc5 6. c3 b5 7. Bb3 d6 8. d4 Bb6 9. Be3 O-O 10. Nbd2 Rb8 11. h3 h6 12. Bc2 Re8 13. Re1 exd4 14.
cxd4 Nb4 15. Bb1 c5 16. d5 c4 17. a3 Nd3 18. Bxd3 cxd3 19. Bxb6 Qxb6 20. Qb3 Bb7 21. Qxd3 Rbc8 22. Rac1 Rc7 23. Rxc7 Qxc7 24.
Qd4 Qc2 25. Qb4 Qd3 26. Qxd6 a5 27. Qc7 Nxd5 28. Qxb7 Nf4 29. Qc7 g5 30. Kh2 a4 31.
Qc3 Qd6 32. e5 Qd5 33. Ne4 Kg7 34. Nf6 Qe6 35. Nxe8+ Qxe8 36. e6+ f6 37. Qc7+ Kg6 38. Qd7 Qb8 39. Kh1 Nd3 40. Qxd3+ 1-0

[Event "*** SCC Grand Prix: Titled Tuesday Blitz"]
[Site "Chess.com"]
[Date "2020.08.11"]
[Round "7"]
[White "Agibileg"]
[Black "politeplayer"]
[Result "0-1"]
[WhiteElo "2403"]
[BlackElo "2243"]
[TimeControl "180+1"]
[EndTime "11:17:26 PDT"]
[Termination "politeplayer won by checkmate"]

1. d4 d5 2. c4 e6 3. Nc3 c5 4. cxd5 cxd4 5. Qxd4 Nc6 6. Qa4 exd5 7. e3 Nf6 8. Nf3 Bd6 9. Bb5 Bd7 10. O-O O-O 11.
Rd1 a6 12. Be2 Nb4 13. Qb3 a5 14. Bb5 Bf5 15. Nd4 Bxh2+ 16. Kxh2 Ng4+ 17. Kg3 Qg5 18. f4 Qg6 19. Nxf5 Nxe3+ 20. Kf3 Nxf5 21. Ne2 Rae8 22.
Bxe8 Rxe8 23. g4 Nh4+ 24. Kg3 Rxe2 25. Kh3 Nf3 26. f5 Qd6 27. Rh1 Rh2+ 28. Rxh2 Qxh2# 0-1

[Event "*** SCC Grand Prix: Titled Tuesday Blitz"]
[Site "Chess.com"]
[Date "2020.08.11"]
[Round "7"]
[White "DonBroca"]
[Black "AlanZhang"]
[Result "1-0"]
[WhiteElo "2112"]
[BlackElo "2161"]
[TimeControl "180+1"]
[EndTime "11:17:26 PDT"]
[Termination "DonBroca won on time"]

1. e4 e5 2. Nf3 Nc6 3. Bb5 a6 4. Ba4 Nf6 5. O-O Be7 6. Re1 b5 7. Bb3 d6 8. a4 b4 9. d4 exd4 10. Nxd4 Nxd4 11. Qxd4 c5 12. Qd1 Bb7 13. Nd2 O-O 14.
e5 dxe5 15. Rxe5 Bd6 16. Re1 Qd7 17. Nf3 Rfe8 18. Bg5 Ng4 19. h3 Bxf3 20. Qxf3 Ne5 21. Qd5 Rac8 22. Rad1 c4 23. Ba2 Rc6 24. Rxe5 Rxe5 25.
Qxe5 Bxe5 26. Rxd7 h6 27. Bc1 b3 28. Bb1 g6 29.
Rd5 c3 30. bxc3 bxc2 31. Bxc2 Rxc3 32. Rxe5 Rxc2 33. Bxh6 Ra2 34. a5 Kh7 35. Be3 Ra1+ 36. Kh2 Ra2 37. Bb6 1-0

[Event "*** SCC Grand Prix: Titled Tuesday Blitz"]
[Site "Chess.com"]
[Date "2020.08.11"]
[Round "7"]
[White "Jumbo"]
[Black "m_ezat"]
[Result "1-0"]
[WhiteElo "2867"]
[BlackElo "2602"]
[TimeControl "180+1"]
[EndTime "11:17:27 PDT"]
[Termination "Jumbo won by checkmate"]

1. Nf3 Nf6 2. g3 g6 3. Bg2 Bg7 4. c4 O-O 5. d4 d6 6. Nc3 Nc6 7. O-O Bg4 8. d5 Na5 9. Nd2 c5 10. Rb1 a6 11. a3 Bd7 12. Qc2 b5 13. cxb5 axb5 14. b4 cxb4 15. axb4 Nc4 16. Nxc4 bxc4 17. h3 Qc8 18. Kh2 h5 19. Bg5 Re8 20. Qd2 Ra3 21.
Rfc1 Bf5 22. Ra1 Rxa1 23. Rxa1 Ne4 24. Bxe4 Bxe4 25. Rc1 Bxc3 26. Rxc3 Qf5 27. f3 Bb1 28. Rxc4 Ba2 29. Rd4 Rc8 30. Re4 f6 31. Bxf6 Bxd5 32. Rxe7 Rc2 33. Qh6 Qxf6 34. Re8+ Kf7 35. Qf8# 1-0

[Event "*** SCC Grand Prix: Titled Tuesday Blitz"]
[Site "Chess.com"]
[Date "2020.08.11"]
[Round "7"]
[White "shnitez"]
[Black "Matveev_Vladimir"]
[Result "0-1"]
[WhiteElo "2461"]
[BlackElo "2648"]
[TimeControl "180+1"]
[EndTime "11:17:27 PDT"]
[Termination "Matveev_Vladimir won on time"]

1. d4 Nf6 2. c4 g6 3. Nc3 Bg7 4. e4 O-O 5. Nf3 d6 6. Be2 e5 7.
O-O Nc6 8. d5 Ne7 9. Bg5 Nd7 10.
Nd2 f6 11. Be3 f5 12. f3 f4 13. Bf2 g5 14. b4 Ng6 15. c5 Nf6 16. Nc4 Rf7 17.
cxd6 cxd6 18. Nb5 Bf8 19. Nxa7 Rxa7 20. Bxa7 b5 21. Bb6 Qe7 22. Na5 g4 23. Nc6 Qb7 24. Bf2 g3 25. hxg3 fxg3 26. Bxg3 Nh5 27. Bf2 Rg7 28. Nd8 Qe7 29. Ne6 Bxe6 30. dxe6 Ngf4 31. g4 Nxe2+ 32. Qxe2 Nf4 33. Qxb5 h5 34. Qd7 Qg5 35. e7 Bxe7 36. Qf5 Qh6 37. Be3 Nh3+ 38. Kh2 Qxe3 39. Kxh3 hxg4+ 40. Kh2 Qe2+ 0-1

[Event "*** SCC Grand Prix: Titled Tuesday Blitz"]
[Site "Chess.com"]
[Date "2020.08.11"]
[Round "7"]
[White "XDPS"]
[Black "1f3_2g41-0"]
[Result "0-1"]
[WhiteElo "2629"]
[BlackElo "2438"]
[TimeControl "180+1"]
[EndTime "11:17:27 PDT"]
[Termination "1f3_2g41-0 won on time"]

1. e4 c5 2. Nf3 d6 3. d4 cxd4 4.
Nxd4 Nf6 5. Nc3 a6 6. Be2 e5 7.
Nf3 Be7 8. O-O O-O 9. Bg5 Be6 10. Bxf6 Bxf6 11. Nd5 Nc6 12. Bc4 b5 13. Bb3 Be7 14. Qd3 Rc8 15. Rfd1 Bxd5 16. Bxd5 Nb4 17. Qb3 Nxc2 18.
Rac1 Nd4 19. Nxd4 Rxc1 20. Rxc1 exd4 21. Rc6 Qa5 22. g3 Qe1+ 23. Kg2 Qe2 24. Rc2 Qd1 25.
Bxf7+ Kh8 26. Rc7 Qxb3 27. Bxb3 Bf6 28. Rc6 Rd8 29. Rxa6 d3 30. f4 Bxb2 31. Kf3 d2 32. Ke2 Bc3 33. h4 g6 34. Bd5 b4 35. Rc6 Kg7 36.
Rc7+ Kh8 37. g4 Rf8 38. f5 gxf5 39. gxf5 h5 40. a3 Rb8 41. axb4 Bxb4 42. Rc2 Ba5 43. Ra2 Rb1 0-1

[Event "*** SCC Grand Prix: Titled Tuesday Blitz"]
[Site "Chess.com"]
[Date "2020.08.11"]
[Round "7"]
[White "Euge_chess"]
[Black "Bastiandash"]
[Result "0-1"]
[WhiteElo "2065"]
[BlackElo "2278"]
[TimeControl "180+1"]
[EndTime "11:17:27 PDT"]
[Termination "Bastiandash won by checkmate"]

1. e4 c5 2. c3 Nf6 3. e5 Nd5 4. g3 d6 5. exd6 Qxd6 6. Bg2 Nc6 7. Ne2 Bg4 8. O-O Rd8 9. Re1 e6 10. Qa4 Be7 11. Qxg4 g6 12. d4 h5 13. Qe4 h4 14. Nf4 hxg3 15. fxg3 Nf6 16. Qe2 cxd4 17. Na3 d3 18. Qd2 Ng4 19. h3 Qc5+ 20. Kh1 Nf2+ 21. Kh2 g5 22. b4 Ng4+ 23. Kh1 Qb6 24. Nc4 Qb5 25. Na3 Qb6 26. Nc4 Qc7 27. Nxd3 Qxg3 28.
b5 Qh2# 0-1

[Event "*** SCC Grand Prix: Titled Tuesday Blitz"]
[Site "Chess.com"]
[Date "2020.08.11"]
[Round "7"]
[White "Grandelicious"]
[Black "suyu28"]
[Result "1-0"]
[WhiteElo "2758"]
[BlackElo "2576"]
[TimeControl "180+1"]
[EndTime "11:17:28 PDT"]
[Termination "Grandelicious won on time"]

1. c4 c6 2. Nc3 d5 3. e3 Nf6 4.
Nf3 a6 5. h3 g6 6. d4 Bg7 7.
Bd3 O-O 8. O-O Bf5 9. Bxf5 gxf5 10. Qb3 Ra7 11. Bd2 e6 12. Ne2 Nbd7 13. Rfc1 Bh6 14. cxd5 Nxd5 15. Bb4 Re8 16. Bd6 Qb6 17. Qc2 Raa8 18.
e4 fxe4 19. Qxe4 Qd8 20. Qg4+ Kh8 21. Qh5 Bxc1 22. Rxc1 f6 23. Qf7 Re7 24. Bxe7 Qxe7 25.
Qxe7 Nxe7 26. Nf4 e5 27. Re1 Rf8 28. Ne6 Re8 29. dxe5 fxe5 30. Nxe5 Nxe5 31. Rxe5 Nd5 32. Re2 Nb4 33. a3 Nd3 34. b4 c5 35. bxc5 Nxc5 36.
Nf4 Rxe2 37. Nxe2 1-0

[Event "*** SCC Grand Prix: Titled Tuesday Blitz"]
[Site "Chess.com"]
[Date "2020.08.11"]
[Round "7"]
[White "AlexTriapishko"]
[Black "ural58"]
[Result "1-0"]
[WhiteElo "2674"]
[BlackElo "2516"]
[TimeControl "180+1"]
[EndTime "11:17:28 PDT"]
[Termination "AlexTriapishko won on time"]

1. e4 d5 2. exd5 Qxd5 3. Nc3 Qa5 4.
Nf3 Nf6 5. g3 Nc6 6. Bg2 Bg4 7. h3 Bh5 8. g4 Bg6 9. Nh4 O-O-O 10.
d3 e6 11. Bd2 Bb4 12. a3 Bxc3 13.
Bxc3 Qc5 14. O-O Nd4 15. Nf3 Nc6 16. Qe1 h5 17. b4 Qb6 18. g5 Nd5 19. Bxg7 Rhg8 20.
Be5 Bf5 21. c4 Nxe5 22. Qxe5 Ne7 23. c5 Qb5 24. Nd4 Qd7 25. Nxf5 Nxf5 26. c6 Qd6 27.
cxb7+ Kb8 28. Qxd6 Rxd6 29. f4 f6 30. gxf6 Nh4 31.
Rf2 Rxd3 32. Kh2 Rf8 33. Rg1 Rxf6 34. Be4 Rd8 35. Rg5 Nf5 36. Rxh5 Nd6 37. Bc6 Nxb7 38.
Rb5 1-0